 Dungeon Crawl Stone Soup version 0.22.1-1-ga44c0e56f4 (webtiles) character file.

74 BillyBuyo the Sneak (level 4, -8/42 HPs)
             Began as a Naga Monk on Oct 14, 2018.
             Splashed by an orc's acid (15 damage)
             ... on level 3 of the Dungeon.
             The game lasted 00:17:18 (2422 turns).

BillyBuyo the Sneak (Naga Monk)                     Turns: 2422, Time: 00:17:23

Health: -8/42      AC: -1    Str: 13    XL:     4   Next: 28%
Magic:  4/4        EV: 11    Int: 10    God:
Gold:   71         SH:  0    Dex: 15    Spells: 3/3 levels left

rFire    . . .     SeeInvis +   h - +5 hand axe
rCold    . . .     Gourm    +   (no shield)
rNeg     . . .     Faith    .   b - +0 robe
rPois    +         Spirit   .   (no helmet)
rElec    .         Reflect  .   (no cloak)
rCorr    .         Harm     .   (no gloves)
MR       .....                  (no barding)
Stlth    +++.......             o - amulet of the gourmand
HPRegen  0.14/turn              l - ring of poison resistance
MPRegen  0.09/turn              (no ring)

@: corroded, very slow
A: large, see invisible, deformed body, poison resistance, slowness 2, slow
metabolism 1, spit poison 1, AC +1
a: Spit Poison


You were on level 3 of the Dungeon.
You were full.

You visited 1 branch of the dungeon, and saw 3 of its levels.

You collected 71 gold pieces.

Inventory:

Hand Weapons
 h - a +5 hand axe (weapon)
 m - a +4 whip
 r - a +0 rapier
Missiles
 d - 5 tomahawks (quivered)
Armour
 b - a +0 robe (worn)
Jewellery
 l - a ring of poison resistance (left hand)
 o - an amulet of the gourmand (around neck)
Scrolls
 e - 2 scrolls of teleportation
 g - 2 scrolls of enchant weapon
 q - 2 scrolls of remove curse
Potions
 f - 3 potions of haste
 i - 2 potions of degeneration {unknown}
 j - 3 potions of curing
 t - a potion of magic
Comestibles
 c - 4 rations


   Skills:
 + Level 3.4 Fighting
   Level 3.4 Long Blades
 + Level 1.4 Axes
 + Level 2.8 Dodging
 + Level 4.1 Stealth


You had 3 spell levels left.
You didn't know any spells.
Your spell library was empty.

Dungeon Overview and Level Annotations

Branches:
Dungeon (3/15)

Altars:
Xom


Innate Abilities, Weirdness & Mutations

You cannot wear boots.
Your serpentine skin is tough. (AC +1)
You have supernaturally acute eyesight. (SInv)
Armour fits poorly on your strangely shaped body.
Your system is resistant to poisons. (rPois)
You cover ground very slowly.
You have a slow metabolism.
You can spit poison.


Message History

The worm is lightly wounded.
You completely miss the worm.
The worm is lightly wounded.
The worm closely misses you.
You hit the worm.
The worm is moderately wounded.
The worm barely misses you.
The orc shouts!
You hit the worm.
The worm is heavily wounded.
The worm bites you!
You hit the worm.
The worm is severely wounded.
You slash the worm!
You kill the worm!
The orc zaps a wand.
The bolt of acid hits you!
Ouch! That really hurt!
* * * LOW HITPOINT WARNING * * *
The acid corrodes you!
You are splashed with acid!
The acid burns!
You die...

***** *..* #........# ***
**.#*#........# ,,*
*..*#........# ,,*
*#.##....o...####****** ,,*
#####..#.....<......,,,,,*
***
#..........#..######****,* *
#..........#.....#******,* *
#..........#)###....,,,*,* *
#..........#@#########,*,****
*
#..........'.........#,*,,,,,
*
#...§......#.#######.#,***,**
#.§§§......#.# #<#.#,,,,,,,
#..§.......#.# #.#.#*******
#.§§§.).<..#.# #.#.#
#..§.......#.# #.#.#
#..§...(...#.# #.#.#
#......((..#.# #.#.#


You could see an orc.

Vanquished Creatures
  An adder (D:2)
  2 worms
  5 dart slugs
  4 bats
  3 giant cockroaches
  6 goblins
  6 hobgoblins
  6 jackals
  A quokka (D:2)
  2 frilled lizards
  3 kobolds
  6 rats
45 creatures vanquished.

Notes
Turn   | Place    | Note
-------+----------+-------------------------------------------
     0 | D:1      | BillyBuyo the Naga Monk began the quest for the Orb.
     0 | D:1      | Reached XP level 1. HP: 21/21 MP: 1/1
   386 | D:1      | Reached XP level 2. HP: 23/28 MP: 2/2
  1554 | D:2      | Reached XP level 3. HP: 31/34 MP: 3/3
  2034 | D:2      | Reached skill level 1 in Axes
  2095 | D:2      | Reached XP level 4. HP: 38/42 MP: 4/4
  2112 | D:2      | Reached skill level 4 in Stealth
  2318 | D:3      | Found a shimmering altar of Xom.
  2422 | D:3      | Splashed by an orc's acid

Skill      XL: |  1  2  3  4 |
---------------+-------------+-----
Axes           | 1 |  1.4
Stealth        | 4 |  4.1
Fighting       | |  3.4
Long Blades    | |  3.4
Dodging        | |  2.8

Action                   |  1- 3 |  4- 6 || total
-------------------------+-------+-------++-------
Melee: Falchion          |    16 |       ||    16
       Hand axe          |    78 |    17 ||    95
       Whip              |     2 |       ||     2
 Abil: Spit Poison       |     1 |     1 ||     2
  Use: Scroll            |       |    11 ||    11
 Stab: Sleeping          |     8 |     3 ||    11
  Eat: Ration            |     1 |       ||     1
       Chunk             |     3 |     2 ||     5
Armor: Robe              |     9 |     4 ||    13
Dodge: Dodged            |    52 |     6 ||    58
       Rpst.: Falchion   |     1 |       ||     1
